 Dungeon Crawl Stone Soup version 0.31-a0-188-g5e087ee2ca (webtiles) character file.

Game seed: 17218376860927706559

16 qw the Shooter (level 2, -2/16 HPs)
             Began as a Deep Elf Hunter on June 23, 2023.
             Slain by a kobold
             ... wielding a +0 dagger
              (3 damage)
             ... on level 1 of the Dungeon.
             The game lasted 00:00:12 (771 turns).

qw the Shooter (Deep Elf Hunter)                     Turns: 771, Time: 00:00:12

Health: -2/16      AC:  6    Str:  8    XL:     2   Next: 37%
Magic:  4/4        EV: 10    Int: 13    God:
Gold:   14         SH:  0    Dex: 18    Spells: 1/1 levels left

rFire   . . .        Y - +0 shortbow
rCold   . . .        (shield currently unavailable)
rNeg    . . .        g - +0 ring mail
rPois   .            e - +0 helmet
rElec   .            (no cloak)
rCorr   .            (no gloves)
SInv    .            (no boots)
Will    .....        (no amulet)
Stlth   +            (no ring)
HPRegen 0.22/turn    (no ring)
MPRegen 0.09/turn

%: no passive effects
@: no status effects
A: no striking features
a: no special abilities


You were on level 1 of the Dungeon.
You visited 1 branch of the dungeon, and saw 2 of its levels.

You collected 14 gold pieces.


   Skills:
 - Level 1.5 Fighting
 + Level 6.2 Ranged Weapons
 - Level 2.4 Dodging
 - Level 1.2 Stealth


You had one spell level left.
You didn't know any spells.
Your spell library was empty.

Inventory:

Hand Weapons
 Y - a +0 shortbow (weapon)
Armour
 e - a +0 helmet (worn)
 g - a +0 ring mail (worn)
Scrolls
 a - 2 scrolls of teleportation
Potions
 d - a potion of enlightenment {unknown}
 i - a potion of lignification {unknown}
 j - a potion of brilliance {unknown}

Dungeon Overview and Level Annotations

Branches:
Dungeon (2/15)

Altars:

Annotations:
D:2 Natasha


Message History

You shoot an arrow.
The arrow hits the worm but does no damage.
The worm is lightly wounded.
A goblin comes into view. It is wielding a +0 dagger.
A kobold comes into view. It is wielding a +0 short sword.
The rat closely misses you.
A jackal comes into view.
You shoot an arrow. The kobold shouts!
The goblin shouts!
The jackal barks!
The arrow hits the worm but does no damage.
The worm is lightly wounded.
You hear an angry hiss.
The frilled lizard barely misses you. The rat bites you.
Natasha, Servant of Life and Death comes into view.
The worm misses you.
765 ||| STAIRDANCE The frilled lizard bites you but does no damage.
The kobold hits you with a +0 dagger. The rat misses you.
The worm bites you but does no damage.
You climb upwards.
There is a stone staircase leading down here.
You shoot an arrow.
The arrow hits the worm but does no damage.
The worm is lightly wounded.
The kobold barely misses you. The worm bites you.
The kobold closely misses you.
You shoot an arrow.
The arrow hits the worm but does no damage.
The worm is lightly wounded.
The kobold hits you but does no damage.
You shoot an arrow. The arrow hits the worm!
The worm is heavily wounded.
The kobold hits you with a +0 dagger. The worm bites you but does no damage.
You shoot an arrow. The arrow barely misses the worm.
The arrow hits the rat.
You kill the rat!
The kobold hits you with a +0 dagger. The worm bites you.
You shoot an arrow. The arrow hits the worm.
The worm is heavily wounded.
The kobold barely misses you. The worm bites you.
The kobold hits you with a +0 dagger.
You die...

#.# #.################
#. #.#
#................# #.
#.# ################.#
## #.# #.# ##.## ####.#
#...####### #....#
..........# #.####
#...#####.###########.#
...## #.....lK@w%...#
.### #.###########.# .#
#K# #.########### .#
#####.# #............
.# #.....#
#.##########. .#
#.###.# #.# #. .# #.#
#.# #.# #. .# #.# #.#
#.# #####. .## #.# #.#
###.######(....


You could see a worm, a kobold and a frilled lizard.

Vanquished Creatures
  A ball python (D:1)
  4 goblins (D:1)
  2 hobgoblins (D:1)
  A quokka (D:1)
  4 frilled lizards (D:1)
  A kobold (D:1)
  2 rats (D:1)
15 creatures vanquished.

Notes
Turn   | Place    | Note
-------+----------+-------------------------------------------
     0 | D:1      | qw the Deep Elf Hunter began the quest for the Orb.
     0 | D:1      | Reached XP level 1. HP: 12/12 MP: 3/3
     0 | D:1      | 0 ||| qw: Version: 0.3-a-9-g12657ce
     0 | D:1      | 0 ||| qw: Game counter: 3459
     0 | D:1      | 0 ||| qw: Always use a shield: true
     0 | D:1      | 0 ||| qw: God list: Okawaru
     0 | D:1      | 0 ||| qw: Allow faded altars: false
     0 | D:1      | 0 ||| qw: Do Orc after D:15 true
     0 | D:1      | 0 ||| qw: Do second Lair branch before Depths: true
     0 | D:1      | 0 ||| qw: Lair rune preference: random
     0 | D:1      | 0 ||| qw: Plans: Normal
     0 | D:1      | 0 ||| PLANNING D:1-11
    13 | D:1      | You fall into a shaft and drop 1 floor!
    14 | D:2      | 14 ||| DROPPING scroll of butterflies.
   255 | D:1      | Reached XP level 2. HP: 16/16 MP: 4/4
   421 | D:1      | Reached skill level 6 in Ranged Weapons
   580 | D:1      | Found a faded altar of an unknown god.
   725 | D:1      | 725 ||| UPGRADING to +0 helmet.
   730 | D:1      | 730 ||| UPGRADING to +0 ring mail.
   740 | D:1      | 740 ||| DROPPING +0 leather armour.
   741 | D:1      | 741 ||| READING 3 scrolls labelled JELULI HALO.
   746 | D:1      | 746 ||| READING scroll labelled BERCHO XUIRRYR.
   747 | D:1      | 747 ||| READING scroll labelled KUATEN HUILU.
   764 | D:2      | Noticed Natasha
   765 | D:2      | 765 ||| STAIRDANCE
   771 | D:1      | HP: 1/16 [worm (6)]
   771 | D:1      | Slain by a kobold

Levels and vault maps discovered:
D:1:      sevenhm_arrival_forest_fort_large_2, layout_loops_ring,
          chequers_ecumenical_altar_simple_redux
D:2:      layout_basic, uniq_terence, uniq_crazy_yiuf_cottage, uniq_sigmund,
          uniq_natasha

Skill      XL: |  1  2 |
---------------+-------+-----
Ranged Weapons | 6 |  6.2
Fighting       | |  1.5
Dodging        | |  2.4
Stealth        | |  1.2

Action                     || total
---------------------------++-------
   Fire: Shortbow          ||    35
    Use: Scroll            ||     3
 Armour: Ring mail         ||     4
  Dodge: Dodged            ||     9

Table legend:
 A = Non-vault XP
 B = Vault XP
 C = Vault XP percentage of total XP
 D = Non-vault monster count
 E = Vault monster count
 F = Vault count percentage of total count
                 A         B        C        D         E       F
            +---------+---------+-------+---------+---------+-------
      Total |      23 |       0 |   0.0 |      15 |       0 |   0.0
            +---------+---------+-------+---------+---------+-------
        D:1 |      23 |       0 |   0.0 |      15 |       0 |   0.0
            +---------+---------+-------+---------+---------+-------
